 Dungeon Crawl Stone Soup version 0.22-a0-274-gf8199ec (webtiles) character file.

176 4thArraOfDagon the Chopper (level 5, 0/42 HPs)
             Began as a Formicid Warper on Mar 14, 2018.
             Was an Initiate of Ru.
             Succumbed to DEFE's ghost's poison
             ... in a sewer.
             The game lasted 00:08:50 (1772 turns).

4thArraOfDagon the Chopper (Formicid Warper)        Turns: 1772, Time: 00:08:51

Health: 0/42       AC:  5    Str: 17    XL:     5   Next: 86%
Magic:  8/8        EV: 14    Int: 12    God:    Ru [......]
Gold:   132        SH:  0    Dex: 10    Spells: 8/8 levels left

rFire    . . .     SeeInvis +   a - +0 hand axe
rCold    . . .     Gourm    .   (no shield)
rNeg     + . .     Faith    .   m - +0 ring mail
rPois    +         Spirit   .   (helmet unavailable)
rElec    +         Reflect  .   (no cloak)
rCorr    .         Harm     .   (no gloves)
MR       .....                  (no boots)
Stlth    ..........             (no amulet)
HPRegen  0.14/turn              i - ring of positive energy
MPRegen  0.11/turn              n - +3 ring of evasion (curse)

@: lethally poisoned (0 -> -6)
A: permanent stasis, dig shafts and tunnels, four strong arms, antennae 3, dopey
1, poison resistance, electricity resistance, strong 1
a: Dig, Shaft Self, Renounce Religion


You were in a sewer.
You worshipped Ru.
Ru was noncommittal.
You were hungry.

You visited 1 branch of the dungeon, and saw 6 of its levels.
You also visited: Sewer.

You collected 132 gold pieces.

Inventory:

Hand Weapons
 a - a +0 hand axe (weapon)
Missiles
 e - 3 tomahawks of dispersal (quivered)
Armour
 b - a +0 leather armour
 m - a +0 ring mail (worn)
Jewellery
 i - a ring of positive energy (left hand)
 n - a cursed +3 ring of evasion (right hand)
Scrolls
 c - 2 scrolls of identify
 d - a scroll of blinking
 g - 2 scrolls of enchant weapon
 h - a scroll of fear
 o - a scroll of remove curse
Potions
 j - a potion of brilliance
 k - a potion of flight
 q - a potion of heal wounds {unknown}
 s - a potion of cancellation
Comestibles
 f - 2 rations
 r - 2 chunks of flesh


   Skills:
 + Level 3.6 Fighting
 * Level 4.3 Axes
 - Level 1.0 Throwing
 - Level 2.0 Armour
 - Level 2.1 Dodging
 - Level 2.1 Spellcasting
   Level 2.6 Translocations


You had 8 spell levels left.
You didn't know any spells.

Dungeon Overview and Level Annotations

Branches:
Dungeon (7/15)
 Temple: D:4-7

Altars:
Elyvilon
Ru
Zin
The Shining One

Annotations:
D:5 DEFE's ghost, novice DEAr


Innate Abilities, Weirdness & Mutations

You cannot be hasted, slowed, berserked, paralysed or teleported.
You can dig through walls and to a lower floor.
Your four strong arms can wield two-handed weapons with a shield.
You have a pair of large antennae on your head. (SInv)
You are dopey. (Int -2)
Your system is resistant to poisons. (rPois)
You are resistant to electric shocks. (rElec)
Your muscles are strong. (Str +2)


Message History

Unknown command.
Unknown command.
* * * LOW HITPOINT WARNING * * *
You feel sick.
There is a glowing drain here.
Unknown command.
* * * LOW HITPOINT WARNING * * *
You feel sick. The giant cockroach barely misses you. DEFE's ghost hits you.
* * * LOW HITPOINT WARNING * * *
The giant cockroach barely misses you.
The world spins around you as you enter the gateway.
You enter a sewer!
Beware, you cannot shaft yourself on this level. 4 rats come into view.
Found a gate leading back out of this place.
There is an empty arch of ancient stone here.
Unknown command.
It was a potion of haste.
Your stasis prevents you from being hasted.
You die...

###
#r#
#.#
#.#
#.#
#∩#
#.#
#@#
#.#
#r#
#r#
#r#
#.#
#.#
#≈#


You could see 4 rats.

Vanquished Creatures
  A killer bee (D:6)
  A bullfrog skeleton (D:5)
  A hound zombie (D:6)
  2 oozes (D:2)
  5 leopard geckos
  4 orcs (D:3)
  2 ball pythons (D:1)
  4 giant cockroaches
  6 goblins
  5 hobgoblins
  7 jackals
  2 quokkas
  8 bats
  3 frilled lizards
  8 kobolds
  9 rats
68 creatures vanquished.

Notes
Turn   | Place    | Note
-------+----------+-------------------------------------------
     0 | D:1      | 4thArraOfDagon the Formicid Warper began the quest for the Orb.
     0 | D:1      | Reached XP level 1. HP: 16/16 MP: 3/3
    59 | D:1      | Reached XP level 2. HP: 17/23 MP: 5/5
   135 | D:1      | You fall through a shaft!
   217 | D:2      | Reached XP level 3. HP: 15/28 MP: 6/6
   265 | D:2      | Found a sacrificial altar of Ru.
   271 | D:2      | Became a worshipper of Ru the Awakened
   862 | D:2      | Reached skill level 3 in Axes
   862 | D:2      | Reached XP level 4. HP: 30/34 MP: 7/7
   877 | D:2      | Noticed an ice beast
  1126 | D:2      | Found a white marble altar of Elyvilon.
  1126 | D:2      | Found a glowing silver altar of Zin.
  1126 | D:2      | Found a glowing golden altar of the Shining One.
  1197 | D:3      | Gained mutation: You are dopey. (Int -2) [Ru sacrifice]
  1278 | D:3      | You fall through a shaft for 2 floors!
  1278 | D:5      | Entered Level 5 of the Dungeon
  1288 | D:5      | Gained mutation: Your system is resistant to poisons. (rPois) [potion of mutation]
  1288 | D:5      | Gained mutation: You are resistant to electric shocks. (rElec) [potion of mutation]
  1288 | D:5      | Gained mutation: Your muscles are strong. (Str +2) [potion of mutation]
  1437 | D:5      | Reached XP level 5. HP: 13/41 MP: 8/8
  1512 | D:5      | Noticed DEFE's ghost (novice DEAr)
  1531 | D:5      | You fall through a shaft for 2 floors!
  1531 | D:7      | Noticed a hippogriff
  1539 | D:7      | Noticed an ogre
  1542 | D:7      | Noticed a big kobold
  1544 | D:7      | Noticed a bullfrog
  1562 | D:6      | Reached skill level 4 in Axes
  1744 | D:5      | Found a glowing drain.
  1770 | D:5      | HP: 1/42 [DEFE's ghost (4)]
  1771 | Sewer    | Entered a sewer
  1772 | Sewer    | Succumbed to DEFE's ghost's poison

Vault maps used:
D:1:      saegor_arrival_simple_f, palyth_stone_intersect
D:2:      good_gods_mini_temple, marbit_many_paths
D:3:      minitemple
D:5:      serial_shops, nicolae_shop_trees, gup_sewer_entry_pipe, first_ration
Sewer:    sewer_kobolds

Skill      XL: |  1  2  3  4  5 |
---------------+----------------+-----
Dodging        | 2 |  2.1
Axes           | 3 4 |  4.3
Armour         | 2 |  2.0
Fighting       | 3 |  3.6
Throwing       | |  1.0
Spellcasting   | |  2.1
Translocations | |  2.6

Action                   |  1- 3 |  4- 6 || total
-------------------------+-------+-------++-------
Melee: Hand axe          |   159 |   105 ||   264
Throw: Tomahawk          |       |     2 ||     2
Invok: Sacrifice Purity  |       |     1 ||     1
 Abil: Dig               |     5 |     9 ||    14
       Shaft Self        |     1 |     2 ||     3
  Use: Scroll            |       |    11 ||    11
       Potion            |       |     6 ||     6
  Eat: Chunk             |       |     5 ||     5
Armor: Leather armour    |     9 |       ||     9
       Ring mail         |    50 |    40 ||    90
Dodge: Dodged            |    97 |    90 ||   187

Table legend:
 A = Spawn XP
 B = Non-spawn XP
 C = Spawn XP percentage of total XP
 D = Spawn monster count
 E = Non-spawn monster count
 F = Spawn count percentage of total count
 G = Total turns spent on level
                    A         B        C        D         E        F      G
               +---------+---------+-------+---------+---------+-------+---------
         Total |       0 |     252 |   0.0 |       0 |      68 |   0.0 |  1772
               +---------+---------+-------+---------+---------+-------+---------
           D:1 |       0 |      41 |   0.0 |       0 |      25 |   0.0 |   751
           D:2 |       0 |      59 |   0.0 |       0 |      30 |   0.0 |   444
           D:3 |       0 |      14 |   0.0 |       0 |       5 |   0.0 |    83
           D:5 |       0 |      53 |   0.0 |       0 |       6 |   0.0 |   356
           D:6 |       0 |      85 |   0.0 |       0 |       2 |   0.0 |   110
               +---------+---------+-------+---------+---------+-------+---------
